 Dungeon Crawl Stone Soup version 0.30-a0-165-g1891117ce2 (webtiles) character file.

Game seed: 11722098809860947094

72 qw the Chopper (level 4, 0/28 HPs)
             Began as a Gargoyle Fighter on Sept 28, 2022.
             Slain by a hound (4 damage)
             ... on level 3 of the Dungeon.
             The game lasted 00:00:48 (2770 turns).

qw the Chopper (Gargoyle Fighter)                   Turns: 2770, Time: 00:00:49

Health: 0/28       AC: 11    Str: 21    XL:     4   Next: 26%
Magic:  4/4        EV:  9    Int:  9    God:
Gold:   118        SH:  4    Dex:  9    Spells: 3/3 levels left

rFire   . . .      SeeInvis .    Y - +0 war axe
rCold   . . .      Faith    .    c - +0 buckler
rNeg    + . .      Spirit   .    b - +0 scale mail
rPois   inf        Reflect  .    l - +0 helmet
rElec   +          Harm     .    (no cloak)
rCorr   .          Rampage  .    (no gloves)
Will    .....                    (no boots)
Stlth   ..........               (no amulet)
HPRegen 0.09/turn                (no ring)
MPRegen 0.09/turn                (no ring)

@: no status effects
A: sickness immunity, AC +3, negative energy resistance 1, electricity
resistance, torment resistance 1, petrification resistance
a: no special abilities


You were on level 3 of the Dungeon.
You visited 1 branch of the dungeon, and saw 3 of its levels.

You collected 118 gold pieces.


Innate Abilities, Weirdness & Mutations

You are immune to sickness and miasma.
Your stone body is resilient. (AC +3)
You are immune to poison.
You resist negative energy. (rN+)
You are resistant to electric shocks. (rElec)
You are resistant to unholy torment.
You are immune to petrification.


   Skills:
 - Level 3.2 Fighting
 + Level 4.0 Axes
 - Level 3.2 Armour
 - Level 3.2 Shields


You had 3 spell levels left.
You didn't know any spells.
Your spell library was empty.

Inventory:

Hand Weapons
 h - a +2 vorpal mace
 Y - a +0 war axe (weapon)
Armour
 b - a +0 scale mail (worn)
 c - a +0 buckler (worn)
 l - a +0 helmet (worn)
Scrolls
 g - 2 scrolls of identify
Potions
 d - a potion of might
 f - a potion of heal wounds
 j - a potion of curing

Dungeon Overview and Level Annotations

Branches:
Dungeon (3/15)

Altars:
Vehumet


Message History

You see here a book of Necromancy.
You flicker for a moment.
You flicker back into view.
A hound comes into view.
Found a leather armour.
The hound barks!
Enter note:
Enter note: The hound bites you.
You hit the hound but do no damage. The hound closely misses you.
The hound bites you.
You closely miss the hound. The hound closely misses you. The hound bites you.
You closely miss the hound. You block the hound's attack.
The hound barely misses you.
You miss the hound.
The hound bites you but does no damage. x2
You closely miss the hound. The hound bites you but does no damage.
You block the hound's attack.
You barely miss the hound.
The hound bites you but does no damage. x2
You barely miss the hound.
The hound bites you but does no damage. x2
You hit the hound but do no damage. The hound completely misses you.
The hound bites you.
You barely miss the hound. The hound bites you but does no damage.
The hound barely misses you.
You closely miss the hound. The hound bites you. x2
You closely miss the hound. The hound bites you.
The hound bites you but does no damage.
You closely miss the hound. You block the hound's attack.
The hound barely misses you.
You closely miss the hound.
The hound bites you but does no damage. x2
You barely miss the hound. You block the hound's attack.
The hound bites you but does no damage.
You barely miss the hound. The hound bites you. x2
You die...

#. #.# #[..#####
#.# #...h.# #.# #@#
#.# #.# ### #.# #.#
##.###.# #.#
##.#.##.#
#.###.###.#.#
#.##.## ##..#
#.###.###.###
#########...##.#.##
#...............##


You could see a hound.

Vanquished Creatures
  An adder (D:2)
  2 dart slugs
  A bat (D:1)
  6 endoplasms
  7 giant cockroaches
  6 hobgoblins
  4 jackals (D:2)
  4 quokkas
  7 ball pythons
  4 frilled lizards
  5 kobolds
  5 rats
52 creatures vanquished.

Notes
Turn   | Place    | Note
-------+----------+-------------------------------------------
     0 | D:1      | qw the Gargoyle Fighter began the quest for the Orb.
     0 | D:1      | Reached XP level 1. HP: 14/14 MP: 1/1
     0 | D:1      | 0 ||| qw: Version: 0.2-a-12-gaebbb33
     0 | D:1      | 0 ||| qw: Game counter: 824
     0 | D:1      | 0 ||| qw: Always use a shield: true
     0 | D:1      | 0 ||| qw: God list: Okawaru
     0 | D:1      | 0 ||| qw: Allow faded altars: false
     0 | D:1      | 0 ||| qw: Do Orc after D:15 true
     0 | D:1      | 0 ||| qw: Do second Lair branch before Depths: true
     0 | D:1      | 0 ||| qw: Lair rune preference: random
     0 | D:1      | 0 ||| qw: Plans: Normal, Zot:1-4, God:TSO, Crypt, Tomb,
                  | Pan, Slime:5, Hells, Abyss, Orb
     0 | D:1      | 0 ||| PLANNING D:1-11
   337 | D:1      | Reached skill level 2 in Axes
   524 | D:1      | Reached XP level 2. HP: 19/19 MP: 2/2
  1036 | D:1      | Reached skill level 3 in Axes
  1061 | D:1      | Reached XP level 3. HP: 23/23 MP: 3/3
  1082 | D:1      | Found a faded altar of an unknown god.
  1281 | D:1      | 1281 ||| DROPPING +0 whip.
  1505 | D:1      | 1505 ||| READING scroll labelled GILEICL ACLUN.
  1506 | D:1      | 1506 ||| READING 4 scrolls labelled ZUSMUQ KAXIEJU.
  1507 | D:1      | 1507 ||| DRINKING 2 amethyst potions.
  1735 | D:2      | 1735 ||| Stepping ~*~*~tactically~*~*~ (stealth).
  1739 | D:2      | 1739 ||| Stepping ~*~*~tactically~*~*~ (stealth).
  2114 | D:2      | Reached XP level 4. HP: 28/28 MP: 4/4
  2128 | D:2      | 2128 ||| READING scroll labelled FINYETZEA YNORR.
  2307 | D:2      | Reached skill level 4 in Axes
  2658 | D:2      | 2658 ||| UPGRADING to +0 helmet.
  2663 | D:2      | 2663 ||| DROPPING amulet of magic regeneration.
  2664 | D:2      | 2664 ||| READING scroll labelled NEORULO JIEF.
  2665 | D:2      | 2665 ||| READING scroll labelled VELUUL WOOFIF.
  2670 | D:2      | 2670 ||| DRINKING 2 yellow potions.
  2671 | D:2      | 2671 ||| DRINKING 2 ruby potions.
  2672 | D:2      | 2672 ||| READING 3 scrolls of identify.
  2672 | D:2      | 2672 ||| IDENTIFYING purple potion
  2673 | D:2      | 2673 ||| DROPPING potion of invisibility.
  2674 | D:2      | 2674 ||| DROPPING potion of degeneration.
  2681 | D:3      | Found a radiant altar of Vehumet.
  2770 | D:3      | HP: 4/28 [hound (5)]
  2770 | D:3      | Slain by a hound

Levels and vault maps discovered:
D:1:      lemuel_arrival_lava_pool, layout_loops_corners,
          ebering_ecumenical_altar_rust, reono_crystal_passage,
          minmay_worlds_worst_comb
D:2:      layout_loops_corners, serial_glass, glass_columns_b, glass_columns_b,
          glass_columns_b, glass_columns_a, glass_columns_a, glass_columns_a,
          minmay_distorted
D:3:      layout_loops_ring, mainiacjoe_overflow_six_doors_small,
          fiery_altar_vehumet, nicolae_overflow_two_pavilions,
          overflow_temple_1_default

Skill      XL: |  1  2  3  4 |
---------------+-------------+-----
Axes           | 2 3 4 |  4.0
Fighting       | |  3.2
Armour         | |  3.2
Shields        | |  3.2

Action                   |  1- 3 |  4- 6 || total
-------------------------+-------+-------++-------
Melee: War axe           |   129 |    44 ||   173
  Use: Scroll            |     2 |     4 ||     6
       Potion            |     1 |     2 ||     3
Armor: Scale mail        |    68 |    25 ||    93
Dodge: Dodged            |    64 |    26 ||    90
Block: Buckler           |    18 |     7 ||    25

Table legend:
 A = Non-vault XP
 B = Vault XP
 C = Vault XP percentage of total XP
 D = Non-vault monster count
 E = Vault monster count
 F = Vault count percentage of total count
                 A         B        C        D         E       F
            +---------+---------+-------+---------+---------+-------
      Total |      94 |      10 |   9.6 |      47 |       5 |   9.6
            +---------+---------+-------+---------+---------+-------
        D:1 |      40 |       8 |  16.7 |      23 |       4 |  14.8
        D:2 |      54 |       2 |   3.6 |      24 |       1 |   4.0
            +---------+---------+-------+---------+---------+-------
